 Dungeon Crawl Stone Soup version 0.30.1-11-g7821555f0a (webtiles) character file.

Game seed: 2190596857760827013

43 lonewolfV2 the Trooper (level 3, -6/30 HPs)
             Began as a Formicid Fighter on Nov 28, 2023.
             Mangled by Terence
             ... wielding a +0 flail
              (7 damage)
             ... on level 2 of the Dungeon.
             The game lasted 00:01:01 (886 turns).

lonewolfV2 the Trooper (Formicid Fighter)            Turns: 886, Time: 00:01:02

Health: -6/30      AC:  6    Str: 20    XL:     3   Next: 82%
Magic:  3/3        EV:  9    Int:  7    God:
Gold:   97         SH:  5    Dex: 15    Spells: 2/2 levels left

rFire   . . .        a - +0 war axe
rCold   . . .        c - +0 buckler
rNeg    . . .        b - +0 scale mail
rPois   .            (helmet unavailable)
rElec   .            (no cloak)
rCorr   .            (no gloves)
SInv    +            (no boots)
Will    .....        (no amulet) Stlth
                     (no ring)
HPRegen 0.25/turn    (no ring)
MPRegen 0.08/turn

%: no passive effects
@: no status effects
A: permanent stasis, dig shafts and tunnels, antennae 3, four strong arms
a: Dig, Shaft Self


You were on level 2 of the Dungeon.
You visited 1 branch of the dungeon, and saw 2 of its levels.

You collected 97 gold pieces.

Inventory:

Hand Weapons
 a - a +0 war axe (weapon)
Armour
 b - a +0 scale mail (worn)
 c - a +0 buckler (worn)
Potions
 d - a potion of might
 f - a potion of flight {unknown}


   Skills:
 + Level 4.2 Fighting
 + Level 3.0 Axes
 - Level 3.2 Armour
 - Level 4.0 Shields


You had 2 spell levels left.
You didn't know any spells.
Your spell library was empty.

Dungeon Overview and Level Annotations

Branches:
Dungeon (2/15)

Altars:

Annotations:
D:2 Terence


Innate Abilities, Weirdness & Mutations

You cannot be hasted, slowed, berserked, paralysed or teleported.
You can dig through walls and to a lower floor.
You have a pair of large antennae on your head. (SInv)
Your four strong arms can wield two-handed weapons with a shield.


Message History

The giant cockroach bites you but does no damage.
You barely miss the giant cockroach.
The giant cockroach is severely wounded.
The giant cockroach completely misses you.
You barely miss the giant cockroach.
The giant cockroach is severely wounded.
The giant cockroach barely misses you. You block the giant cockroach's attack.
A giant cockroach is nearby!
You slash the giant cockroach!
You kill the giant cockroach!
Found a stone staircase leading up and a stone staircase leading down.
You see here a giant cockroach corpse.
You sense a monster nearby.
Terence the Incautious comes into view.
He is wielding a +0 flail.
Terence shouts!
Terence is nearby!
Terence is nearby!
You see here a Trismegistus Codex.
Terence hits you with a +0 flail.
You slash Terence!
Terence is heavily wounded.
Terence hits you but does no damage. Terence hits you with a +0 flail!
You closely miss Terence.
Terence is heavily wounded.
Terence says, "You're history."
Terence hits you but does no damage.
You closely miss Terence.
Terence is heavily wounded.
Terence barely misses you.
You hit Terence but do no damage.
Terence is heavily wounded.
Terence hits you with a +0 flail! Terence closely misses you.
You slash Terence!
Terence is almost dead.
Terence hits you with a +0 flail!
* * * LOW HITPOINT WARNING * * *
You barely miss Terence.
Terence is almost dead.
Terence hits you with a +0 flail!
You die...

#### .# #... ####.#
#.8. ....$#
####...###.⌠...#
########........@@....#
.......#.>.....:..#####
#......#..........#
#......####.......####
#.......# #..........#
#.......###........<.#
#...........†........#
#.........⌠.###...####
#######.....# #.8.#


You could see Terence.

Vanquished Creatures
  7 ball pythons (D:1)
  2 bats (D:1)
  An endoplasm (D:1)
  5 giant cockroaches
  3 goblins (D:1)
  5 hobgoblins (D:1)
  5 kobolds (D:1)
  2 quokkas (D:1)
  3 frilled lizards (D:1)
  3 rats (D:1)
36 creatures vanquished.

Notes
Turn   | Place    | Note
-------+----------+-------------------------------------------
     0 | D:1      | lonewolfV2 the Formicid Fighter began the quest for the
                  | Orb.
     0 | D:1      | Reached XP level 1. HP: 18/18 MP: 1/1
    80 | D:1      | Reached XP level 2. HP: 21/24 MP: 2/2
   199 | D:1      | Reached XP level 3. HP: 26/30 MP: 3/3
   877 | D:2      | Noticed Terence
   885 | D:2      | HP: 1/30 [Terence/+0 flail (11)]
   886 | D:2      | Mangled by Terence

Illustrated notes

Levels and vault maps discovered:
D:1:      elethiomel_arrival_infinity_welcomes_careful_drivers, layout_basic
D:2:      layout_basic, shapermc_ecumenical_altar_ellora, basic_altar,
          mrwooster_statue_mirror, nicolae_elevator_lobby_asterisk, uniq_terence

Skill      XL: |  1  2  3 |
---------------+----------+-----
Fighting       | 4 |  4.2
Axes           | 3 |  3.0
Armour         | |  3.2
Shields        | |  4.0

Action                     || total
---------------------------++-------
  Melee: War axe           ||    75
    Use: Scroll            ||     1
 Armour: Scale mail        ||    39
  Dodge: Dodged            ||    38
  Block: Buckler           ||    27
